 Dungeon Crawl Stone Soup version 0.17-a0-1882-g750edc8 (webtiles) character file.

164 ololoev the Cudgeler (level 5, 0/47 HPs)
             Began as a Minotaur Berserker on Sept 22, 2015.
             Was a Believer of Trog.
             Slain by an orc
             ... wielding a +0 club
              (1 damage)
             ... on level 4 of the Dungeon.
             The game lasted 00:05:19 (558 turns).

ololoev the Cudgeler (Minotaur Berserker)            Turns: 558, Time: 00:05:20

Health: 0/47       AC: 11    Str: 23    XL:     5   Next: 21%
Magic:  4/4        EV:  9    Int:  4    God:    Trog [**....]
Gold:   71         SH:  0    Dex:  9    Spells: 0 memorised, 4 levels left

rFire  . . .     SeeInvis .     a - +0 mace
rCold  . . .     Clarity  .     i - +0 chain mail
rNeg   . . .     SustAt   .     (no shield)
rPois  .         Gourm    .     (helmet restricted)
rElec  .         Spirit   .     (no cloak)
rCorr  .         Warding  .     m - +1 pair of gloves
rMut   .         Stasis   .     (no boots)
MR     .....                    (no amulet)
Stlth  ..........               (no ring)
                                (no ring)

@: exhausted, slowed, very slow, not resistant to hostile enchantments,
extremely unstealthy
A: retaliatory headbutt, horns 2
a: Burn Spellbooks, Berserk, Trog's Hand, Renounce Religion


Innate Abilities, Weirdness & Mutations

You reflexively headbutt those who attack you in melee.
You have a pair of horns on your head.

Inventory:

Hand weapons
 a - a +0 mace (weapon)
 l - a +0 great mace
Armour
 i - a +0 chain mail (worn)
 m - a +1 pair of gloves (worn)
Scrolls
 d - 4 scrolls of identify {unknown}
 f - 2 scrolls of enchant weapon {unknown}
 g - a scroll of blinking {unknown}
 j - a scroll of recharging {unknown}
 k - a scroll of fog {unknown}
Potions
 e - 2 potions of haste {unknown}
 n - a potion of agility {unknown}
Comestibles
 b - 4 chunks of flesh
 c - a bread ration
 h - a beef jerky
 o - 2 fruits


   Skills:
 + Level 4.7 Fighting
 * Level 5.3 Maces & Flails
 + Level 3.4 Armour
 + Level 3.2 Dodging


You had 4 spell levels left.
You didn't know any spells.


You were on level 4 of the Dungeon.
You worshipped Trog.
Trog was pleased with you.
You were hungry.

You visited 1 branch of the dungeon, and saw 4 of its levels.

You collected 71 gold pieces.

% ####.####.######.# ....
#.......#.....##.#
......##................#
..........................
.......##....#............
..........[...............
#...........#.##.#.###..#
..........)...............
#........@####...........# .
#....#...oo..............#
#.#....##.........#......... .
#.#....##.........#........# ..
#......##...........#......#
...#......##...................
...............................
...........................##..
.#.#.......#....#####.........#

Notes
Turn   | Place    | Note
--------------------------------------------------------------
     0 | D:1      | ololoev the Minotaur Berserker began the quest for the Orb.
     0 | D:1      | Reached XP level 1. HP: 19/19 MP: 0/0
   171 | D:1      | Reached XP level 2. HP: 22/27 MP: 1/1
   250 | D:2      | Noticed Terence
   252 | D:2      | Reached skill level 4 in Maces & Flails
   257 | D:2      | Killed Terence
   257 | D:2      | Reached XP level 3. HP: 33/33 MP: 2/2
   464 | D:4      | Reached XP level 4. HP: 31/40 MP: 3/3
   547 | D:4      | Acquired Trog's second power
   547 | D:4      | Reached skill level 5 in Maces & Flails
   552 | D:4      | Reached XP level 5. HP: 4/47 MP: 4/4
   555 | D:4      | HP: 1/47 [orc priest/short sword (2)]
   558 | D:4      | Slain by an orc

Dungeon Overview and Level Annotations

Branches:
Dungeon (4/15)
 Temple: D:4-7

Altars:


Message History

The orc shouts!
The orc priest hits you with a hand axe.
You hit the orc priest.
The orc priest is moderately wounded.
The orc priest calls down the wrath of Beogh upon you.
Something smites you!
You hit the orc priest.
The orc priest is heavily wounded.
The orc priest hits you with a short sword.
You bludgeon the orc priest!!
You kill the orc priest!
Trog accepts your kill.
You have reached level 5!
The orc priest hits you but does no damage.
You barely miss the orc priest. Your headbutt misses the orc priest.
The orc priest hits you but does no damage.
You sock the orc priest!
The orc priest is almost dead.
You closely miss the orc priest. Your headbutt misses the orc priest.
The orc priest is almost dead.
You are no longer berserk.
You are exhausted.
You feel yourself slow down.
You are feeling hungry.
The orc priest hits you with a short sword.
The orc barely misses you.
You barely miss the orc priest.
The orc priest is almost dead.
The orc priest hits you but does no damage.
The orc hits you but does no damage.
You barely miss the orc priest.
The orc priest is almost dead.
The orc priest hits you but does no damage.
The orc barely misses you. The orc priest closely misses you.
The orc barely misses you.
You hit the orc priest but do no damage.
The orc priest is almost dead.
The orc priest hits you with a short sword.
The orc hits you with a club.
You die...

You could see an orc priest and an orc.

Vanquished Creatures
  2 orc priests (D:4)
  An orc wizard (D:4)
  An iguana (D:3)
  Terence (D:2)
  3 orcs (D:4)
  2 bats
  3 giant cockroaches
  3 goblins
  A hobgoblin (D:1)
  A kobold (D:1)
  A giant gecko skeleton (D:4)
  A giant newt (D:4)
  2 rats
22 creatures vanquished.

Action                   |  1- 3 |  4- 6 || total
-------------------------+-------+-------++-------
Melee: Mace              |    30 |    29 ||    59
Invok: Berserk           |     1 |     1 ||     2

Vault maps used:
D:1:      minmay_arrival_four_houses, minmay_strange_pillars,
          kennysheep_minor_cross
D:2:      nicolae_ashenzari_panopticon, first_bread, uniq_natasha, uniq_terence
D:3:      minmay_misc_feat_tiny
D:4:      serial_corexii_hall, corexii_hall_statues_i, corexii_hall_statues_i,
          uniq_grinder
